 Dungeon Crawl Stone Soup version 0.28.0-53-g5a82cb258f (webtiles) character file.

Game seed: 17521184031583407428

142 safid the Chopper (level 5, -2/46 HPs)
             Began as a Hill Orc Fighter on July 1, 2022.
             Slain by a gnoll
             ... wielding a +0 whip
              (7 damage)
             ... on level 2 of the Dungeon.
             The game lasted 00:03:41 (2914 turns).

safid the Chopper (Hill Orc Fighter)                Turns: 2914, Time: 00:03:42

Health: -2/46      AC:  8    Str: 21    XL:     5   Next: 25%
Magic:  5/5        EV:  9    Int:  8    God:
Gold:   114        SH:  4    Dex: 10    Spells: 4/4 levels left

rFire   . . .      SeeInvis .   a - +0 war axe
rCold   . . .      Faith    .   c - +0 buckler
rNeg    . . .      Spirit   .   b - +0 scale mail
rPois   .          Reflect  .   (no helmet)
rElec   .          Harm     .   i - +0 cloak
rCorr   .          Rampage  .   (no gloves)
Will    .....                   (no boots)
Stlth   ..........              (no amulet)
HPRegen 0.15/turn               (no ring)
MPRegen 0.09/turn               (no ring)

@: no status effects
A: no striking features
a: no special abilities


You were on level 2 of the Dungeon.
You visited 1 branch of the dungeon, and saw 3 of its levels.

You collected 114 gold pieces.

Inventory:

Hand Weapons
 a - a +0 war axe (weapon)
Missiles
 j - 2 javelins (quivered)
 o - 5 poisoned darts
Armour
 b - a +0 scale mail (worn)
 c - a +0 buckler (worn)
 i - a +0 cloak (worn)
 n - a +2 scale mail of poison resistance
Jewellery
 k - a ring of fire
 q - a ring of magical power
Wands
 m - a wand of flame (25)
Scrolls
 e - 2 scrolls of enchant armour {unknown}
 f - a scroll of fog {unknown}
 h - 2 scrolls of teleportation {unknown}
 l - a scroll of identify {unknown}
 r - a scroll of magic mapping {unknown}
 s - a scroll of fear {unknown}
Potions
 d - a potion of might
 g - 2 potions of curing {unknown}
 p - a potion of resistance {unknown}


   Skills:
 - Level 4.0 Fighting
 + Level 5.6 Axes
 - Level 4.0 Armour
 - Level 4.0 Shields


You had 4 spell levels left.
You didn't know any spells.
Your spell library contained the following spells:

 Spells                   Type           Power      Damage    Failure   Level
 Apportation              Tloc           0%         N/A       83%         1
 Blink                    Tloc           0%         N/A       92%         2
 Lesser Beckoning         Tloc           0%         N/A       99%         3
 Alistair's Intoxication  Tmut/Pois      0%         N/A       100%        5
 Manifold Assault         Tloc           0%         N/A       100%        5


Dungeon Overview and Level Annotations

Branches:
Dungeon (3/15)

Altars:
Cheibriados
Ru
Vehumet


Message History

The gnoll hits you with a +0 whip. The gnoll hits you but does no damage.
The kobold hits you but does no damage.
Unknown command.
You hit the gnoll.
You kill the gnoll!
You closely miss the kobold.
The gnoll hits you from afar with a +0 spear.
The kobold hits you but does no damage.
Unknown command.
The kobold throws a stone.
The stone hits you.
The gnoll shaman calls upon its god to speed up the gnoll.
The gnoll seems to speed up.
The gnoll hits you with a +0 whip! The gnoll hits you with a +0 whip.
The gnoll hits you with a +0 whip!
* * * LOW HITPOINT WARNING * * *
You block the gnoll's attack. The gnoll misses you.
You see here a ball python skeleton.
The gnoll barely misses you. The gnoll closely misses you.
The gnoll hits you with a +0 whip.
* * * LOW HITPOINT WARNING * * *
The gnoll barely misses you. The gnoll hits you with a +0 whip.
* * * LOW HITPOINT WARNING * * *
There is a stone staircase leading up, spattered with blood here.
You are no longer glowing.
The gnoll hits you with a +0 whip.
* * * LOW HITPOINT WARNING * * *
The gnoll barely misses you.
You climb upwards.
There is a stone staircase leading down here.
You hit the gnoll.
The gnoll is moderately wounded.
The gnoll hits you but does no damage.
You hit the gnoll but do no damage.
The gnoll is moderately wounded.
The gnoll barely misses you. The gnoll hits you with a +0 whip!
You die...

#######.#
###...#.##
..).....#
#...(.....
........#
#.#...####
######..##
#.##.## #.[.#
#.#### #.#.# #.#
#.#.# #.# #.#.#
##########.#
#.#.#
#.@g.......#
###.#.#
#.##########
####.....# #.#
...#.###.# #.#
##...###.# #^#
###...†.######.#
#>.#.........#
##(..#########
#####


You could see a gnoll (fast).

Vanquished Creatures
  Ijyb (D:3)
  An orc wizard (D:3)
  2 gnolls (D:3)
  2 worms (D:2)
  2 dart slugs
  3 orcs (D:3)
  4 ball pythons
  4 bats
  9 endoplasms
  2 goblins
  6 hobgoblins
  2 jackals (D:2)
  11 kobolds
  2 quokkas (D:1)
  2 frilled lizards
  4 rats
57 creatures vanquished.

Vanquished Creatures (others)
  9 plants (D:3)
9 creatures vanquished.

Grand Total: 66 creatures vanquished

Notes
Turn   | Place    | Note
-------+----------+-------------------------------------------
     0 | D:1      | safid the Hill Orc Fighter began the quest for the Orb.
     0 | D:1      | Reached XP level 1. HP: 19/19 MP: 1/1
   380 | D:1      | Reached skill level 3 in Axes
   380 | D:1      | Reached XP level 2. HP: 27/27 MP: 2/2
   903 | D:1      | Reached XP level 3. HP: 31/33 MP: 3/3
  2103 | D:3      | Noticed Ijyb
  2122 | D:3      | Killed Ijyb
  2123 | D:3      | Reached skill level 4 in Axes
  2123 | D:3      | Reached XP level 4. HP: 6/40 MP: 4/4
  2588 | D:3      | Found a snail-covered altar of Cheibriados.
  2621 | D:3      | Found a sacrificial altar of Ru.
  2621 | D:3      | Found a radiant altar of Vehumet.
  2670 | D:3      | Reached skill level 5 in Axes
  2674 | D:3      | Reached XP level 5. HP: 31/46 MP: 5/5
  2914 | D:2      | Slain by a gnoll

Illustrated notes

Levels and vault maps discovered:
D:1:      dpeg_arrival_rooms_b, layout_basic
D:2:      layout_loops_ring
D:3:      layout_basic, nzn_wu_jian_council_hall,
          chequers_temple_overflow_statue_of_worship, lemuel_round_altar,
          nicolae_ecumenical_snake_handling, minmay_misc_feat_square,
          nicolae_grassy_gnolls, uniq_ijyb

Skill      XL: |  1  2  3  4 |
---------------+-------------+-----
Axes           | 3 4 5 |  5.6
Fighting       | 4 |  4.0
Armour         | 4 |  4.0
Shields        | 4 |  4.0

Action                   |  1- 3 |  4- 6 || total
-------------------------+-------+-------++-------
Melee: War axe           |   127 |    37 ||   164
Armor: Scale mail        |    52 |    23 ||    75
Dodge: Dodged            |    50 |    23 ||    73
Block: Buckler           |    29 |     7 ||    36
